 Dungeon Sprint DCSS version 0.19.1 (webtiles) character file.

448 KingBobo974 the Brawler (level 10, 88/88 HPs)
             Began as a Troll Berserker on Dec 15, 2016.
             Was the Champion of Trog.
             Starved to death
             ... in the Dungeon (Sprint VI: "Thunderdome").
             The game lasted 00:10:36 (936 turns).

KingBobo974 the Brawler (Troll Berserker)            Turns: 936, Time: 00:10:36

Health: 88/88      AC:  4    Str: 39    XL:     10   Next: 73%
Magic:  18/18      EV: 12    Int:  7    God:    Trog [******]
Gold:   115        SH:  0    Dex:  5    Spells: 0 memorised, 9 levels left

rFire  + + .     SeeInvis +       - Unarmed
rCold  . . .     Gourm    +     m - +1 animal skin of Goesmai {rElec Regen+} (curse)
rNeg   . . .     Faith    +     (no shield)
rPois  +         Spirit   .     p - -2 hat of the Engineer {rF++}
rElec  +         Reflect  .     (no cloak)
rCorr  .         Harm     .     (gloves unavailable)
MR     ++...     NoTele   +     (boots unavailable)
Stlth  +.........               n - amulet "Haffamio" {Faith +Inv MR++ Str+4}
                                b - ring of the Tempest {rElec rPois Dex-4 Slay+2}
                                q - ring "Heihatz" {MP+9 Str+5 Int+4 SInv}

@: fainting, studying Dodging
A: unfitting armour, claws 3, fast metabolism 3, gourmand, regeneration 1,
shaggy fur 1, tough skin 2
a: Berserk, Trog's Hand, Brothers in Arms, Burn Spellbooks, Renounce Religion,
Evoke Invisibility
}: 1/15 runes: serpentine


You were in the Dungeon.
You worshipped Trog.
Trog was exalted by your worship.
You were fainting.

You visited 1 branch You collected 750 gold pieces.
You spent 635 gold pieces at shops.

Inventory:

Hand Weapons
 r - a +5 longbow of freezing
Armour
 a - a +0 animal skin
 m - the cursed +1 animal skin of Goesmai (worn) {rElec Regen+}
   (You bought it in a shop in the Dungeon)

   It insulates you from electricity.
   It increases your rate of regeneration.
   It has a curse placed upon it.
 p - the -2 hat of the Engineer (worn) {rF++}
   (You bought it in a shop in the Dungeon)

   It greatly protects you from fire.
Jewellery
 b - the ring of the Tempest (right claw) {rElec rPois Dex-4 Slay+2}
   (You bought it in a shop in the Dungeon)

   [ring of poison resistance]

   It affects your dexterity (-4).
   It affects your accuracy and damage with ranged weapons and melee attacks
   (+2).
   It insulates you from electricity.
   It protects you from poison.
 n - the amulet "Haffamio" (around neck) {Faith +Inv MR++ Str+4}
   (You bought it in a shop in the Dungeon)

   [amulet of faith]

   It allows you to gain divine favour quickly.
   It affects your strength (+4).
   It affects your resistance to hostile enchantments.
   It lets you turn invisible.
 q - the ring "Heihatz" (left claw) {MP+9 Str+5 Int+4 SInv}
   (You bought it in a shop in the Dungeon)

   [ring of magical power]

   It affects your strength (+5).
   It affects your intelligence (+4).
   It affects your magic capacity (+9).
   It lets you see invisible.
Wands
 j - a wand of acid (5/15)
 k - a wand of iceblast (5/15)
Scrolls
 h - 4 scrolls of blinking
 l - 3 scrolls of fog
Potions
 c - a potion of curing
 d - 2 potions of heal wounds
 e - 4 potions of haste
 f - 2 potions of magic
 g - a potion of berserk rage
 i - a potion of resistance
Books
 o - a manual of Dodging


   Skills:
 - Level 2.4 Fighting
 + Level 12.6 Dodging
 * Level 18.1 Unarmed Combat


You had 9 spell levels left.
You didn't know any spells.

Dungeon Overview and Level Annotations

Branches:
Dungeon (1/1)

Altars:
Cheibriados
Dithmenos
Fedhas
Gozag
Kikubaaqudgha
Makhleb
Okawaru
Qazlal
Ru
Sif Muna
Trog
Uskayaw
Vehumet
Xom
Yredelemnul
Zin
The Shining One
Beogh
Jiyva
Lugonu

Shops:
D *[%??*?*:[((!!!!


Innate Abilities, Weirdness & Mutations

You are too large for most types of armour.
You have claws for hands.
Your metabolism is lightning-fast.
You like to eat raw meat.
Your natural rate of healing is unusually fast.
You are covered in fur. (AC +1)
You have very tough skin. (AC +2)


Message History

The hungry ghost is moderately damaged.
You closely miss the hungry ghost.
The hungry ghost is moderately damaged.
The hungry ghost hits you.
You feel slightly more hungry.
You claw the hungry ghost!
The hungry ghost is severely damaged.
The hungry ghost hits you.
You feel slightly more hungry.
You closely miss the hungry ghost.
The hungry ghost is severely damaged.
You claw the hungry ghost!
The hungry ghost is almost destroyed.
The hungry ghost hits you.
You feel slightly more hungry.
You barely miss the hungry ghost.
The hungry ghost is almost destroyed.
The hungry ghost hits you.
You feel slightly more hungry.
You claw the hungry ghost!
You destroy the hungry ghost!
Trog accepts your kill.
You have starved to death.
You die...

#_......._# #_........#
#_......._#
###.........##
#§...........⌠
######.8.........8.
##∩__.......###.....
###∩........8.# #.8...
##....@........###.....
#⌠.......[..###...###..
#⌠..........# #.<.# #..
#⌠..........###...###..
##.............###.....
###∩....[...8.# #.8...
##∩___....[.###.....
######.8.........8.
#⌠..........[⌠


There were no monsters in sight!

Vanquished Creatures
  An orc warlord (D)
  An anaconda (D)
  Sigmund (D)
  5 hungry ghosts (D)
  A naga (D)
  3 water moccasins (D)
  2 orc warriors (D)
  A jelly (D)
  3 orc wizards (D)
  3 adders (D)
  5 oozes (D)
  A ball python (D)
  A rat (D)
28 creatures vanquished.

Notes
Turn   | Place    | Note
-------+----------+-------------------------------------------
     0 | D        | KingBobo974 the Troll Berserker began the quest for the Orb.
     0 | D        | Reached XP level 1. HP: 22/22 MP: 0/0
     4 | D        | Found a glowing golden altar of the Shining One.
     4 | D        | Found a stormy altar of Qazlal.
     5 | D        | Found an iron altar of Okawaru.
     5 | D        | Round 1.
     6 | D        | Found a viscous altar of Jiyva.
     6 | D        | Found a snail-covered altar of Cheibriados.
     7 | D        | Found Reaseywn's Identification Station.
     7 | D        | Found a deep blue altar of Sif Muna.
     7 | D        | Found Buoci's Bee Food.
     8 | D        | Found Ruderum's Advanced Armour.
     8 | D        | Found Mawaics's Jewellery.
    17 | D        | Bought a spiked animal skin for 185 gold pieces
    27 | D        | Identified the cursed +1 animal skin of Goesmai {rElec Regen+} (You bought it in a shop in the Dungeon)
    30 | D        | Noticed Sigmund
    43 | D        | Killed Sigmund
    43 | D        | Reached skill level 5 in Dodging
    43 | D        | Reached skill level 9 in Unarmed Combat
    43 | D        | Reached XP level 2. HP: 29/29 MP: 1/1
    43 | D        | Reached XP level 3. HP: 36/36 MP: 2/2
    43 | D        | Reached XP level 4. HP: 44/44 MP: 3/3
    43 | D        | Reached XP level 5. HP: 50/50 MP: 4/4
    44 | D        | Found a sacrificial altar of Ru.
    46 | D        | Found a basalt altar of Yredelemnul.
    47 | D        | Found a blossoming altar of Fedhas.
    54 | D        | Found Fyxir's Magic Scroll Shop.
    55 | D        | Found Pirphaa's Magic Scroll Shop.
    55 | D        | Found Ciosuoz's Must-Have Magic.
    56 | D        | Found an ancient bone altar of Kikubaaqudgha.
    56 | D        | Found a hide-covered altar of Uskayaw.
    56 | D        | Found Oxzinn's Staff Store.
    60 | D        | Found a shimmering altar of Xom.
    61 | D        | Found a glowing silver altar of Zin.
    63 | D        | Found Jim Ipol's Distillery.
    65 | D        | Found Edigu's Distillery.
    65 | D        | Found Loadghede's Bottled Wisdom.
    66 | D        | Found a bloodstained altar of Trog.
    66 | D        | Found a roughly hewn altar of Beogh.
    66 | D        | Found a burning altar of Makhleb.
    66 | D        | Found Fuonunis's Do-It-Yourself Clinic.
    74 | D        | Found a radiant altar of Vehumet.
    77 | D        | Found a corrupted altar of Lugonu.
    78 | D        | Found a shadowy altar of Dithmenos.
    78 | D        | Found Aravublat's Weapon Rack.
    79 | D        | Found Safaox's Basic Armour.
    79 | D        | Found Wekes's Miscellaneous Merchandise.
    80 | D        | Found an opulent altar of Gozag.
    80 | D        | Found Quashrou's Premium Goods.
    95 | D        | Reached ** piety under Trog
   179 | D        | Arena points: 5 (+5) [x1]
   194 | D        | Round 2.
   203 | D        | Reached *** piety under Trog
   203 | D        | Reached skill level 10 in Unarmed Combat
   233 | D        | Reached **** piety under Trog
   233 | D        | Arena points: 33 (+28) [x2]
   249 | D        | Bought a faintly glowing jade amulet for 45 gold pieces
   249 | D        | Identified the amulet "Haffamio" {Faith +Inv MR++ Str+4} (You bought it in a shop in the Dungeon)
   275 | D        | Round 3.
   302 | D        | Noticed a naga
   304 | D        | Noticed a water moccasin
   309 | D        | Killed a naga
   309 | D        | Reached skill level 11 in Unarmed Combat
   309 | D        | Reached XP level 6. HP: 36/59 MP: 5/5
   317 | D        | Killed a water moccasin
   317 | D        | Reached skill level 12 in Unarmed Combat
   369 | D        | Noticed a water moccasin
   374 | D        | Killed a water moccasin
   374 | D        | Reached ***** piety under Trog
   374 | D        | Reached XP level 7. HP: 34/66 MP: 6/6
   404 | D        | Arena points: 96 (+63) [x3]
   404 | D        | Reached skill level 13 in Unarmed Combat
   459 | D        | Round 4.
   468 | D        | Noticed an orc warlord
   475 | D        | HP: 1/99 [orc warlord/great sword (39)]
   476 | D        | Killed an orc warlord
   476 | D        | Reached skill level 10 in Dodging
   476 | D        | Reached skill level 15 in Unarmed Combat
   476 | D        | Reached XP level 8. HP: 2/74 MP: 7/7
   531 | D        | Received a gift from Trog
   554 | D        | Reached skill level 16 in Unarmed Combat
   554 | D        | Reached XP level 9. HP: 80/80 MP: 8/8
   579 | D        | Arena points: 208 (+112) [x4]
   641 | D        | Round 5.
   650 | D        | Noticed a giant anaconda
   664 | D        | Killed a giant anaconda
   664 | D        | Arena points: 448 (+240) [x6]
   664 | D        | Reached skill level 17 in Unarmed Combat
   665 | D        | Got a serpentine rune of Zot
   679 | D        | Bought an encrusted hat for 315 gold pieces
   679 | D        | Reached XP level 10. HP: 70/88 MP: 9/9
   686 | D        | Bought a wavering bone ring for 45 gold pieces
   686 | D        | Bought a pitted turquoise ring for 45 gold pieces
   686 | D        | Identified the ring "Heihatz" {MP+9 Str+5 Int+4 SInv} (You bought it in a shop in the Dungeon)
   687 | D        | Identified the ring of the Tempest {rElec rPois Dex-4 Slay+2} (You bought it in a shop in the Dungeon)
   872 | D        | Round 6.
   903 | D        | Received a gift from Trog
   914 | D        | Identified the -2 hat of the Engineer {rF++} (You bought it in a shop in the Dungeon)
   925 | D        | Reached skill level 18 in Unarmed Combat
   934 | D        | Reached ****** piety under Trog
   936 | D        | Starved to death

Skill      XL: |  1  2  3  4  5  6  7  8  9 10 |
---------------+-------------------------------+-----
Dodging        | 5 7 10 11 12 | 12.6
Unarmed Combat | 9 11 12 15 16 17 18 | 18.1
Fighting       | |  2.4

Action                   |  1- 3 |  4- 6 |  7- 9 | 10-12 || total
-------------------------+-------+-------+-------+-------++-------
Melee: Unarmed           |     8 |    36 |    42 |    31 ||   117
       Punch             |       |     2 |     3 |       ||     5
Invok: Berserk           |     1 |       |     2 |       ||     3
       Trog's Hand       |       |       |     1 |       ||     1
  Use: Potion            |       |     1 |     2 |       ||     3
  Eat: Bread ration      |       |     1 |     1 |       ||     2
Armor: Animal skin       |       |     9 |     5 |     4 ||    18
Dodge: Dodged            |     3 |    20 |    12 |    11 ||    46
